 Dungeon Crawl Stone Soup version 0.31.0-2-g5a2aebc5c2 (webtiles) character file.

Game seed: 3106130417562906171

5656 Monkooky the Toxicologist (level 10, -3/51 HPs)
             Began as a Vine Stalker Alchemist on Jan 20, 2024.
             Was a Priest of Qazlal.
             Slain by a two-headed ogre
             ... wielding a +0 giant spiked club
              (7 damage)
             ... on level 9 of the Dungeon.
             The game lasted 00:26:34 (7053 turns).

Monkooky the Toxicologist (Vine Stalker Alchemist)  Turns: 7053, Time: 00:26:35

Health: -3/51      AC: 13    Str: 12    XL:     10   Next: 74%
Magic:  0/22       EV: 12    Int: 19    God:    Qazlal [***...]
Gold:   483        SH:  4    Dex: 14    Spells: 12/24 levels left

rFire   + . .        D - staff of alchemy
rCold   + . .        (no shield)
rNeg    . . .        Q - +2 robe {rC+ rF+}
rPois   +            r - +2 helmet
rElec   .            N - +0 cloak
rCorr   .            R - +0 pair of gloves
SInv    .            (no boots)
Will    +....        (no amulet)
Stlth   ++           j - +4 ring of protection
HPRegen 1.08/turn    z - ring of wizardry
MPRegen 0.18/turn

%: guardian spirit, wizardry (x1)
@: no status effects
A: fangs 3, regeneration 1, magic shield, antimagic bite, no potion heal 2
a: Renounce Religion, Upheaval, Elemental Force


You were on level 9 of the Dungeon.
You worshipped Qazlal.
Qazlal was most pleased with you.
You visited 1 branch of the dungeon, and saw 9 of its levels.
You also visited: Sewer.

You collected 483 gold pieces.

Inventory:

Hand Weapons
 b - a +2 dagger of protection
 c - a +0 hand axe
 e - a +0 quarterstaff
Missiles
 M - 6 darts of dispersal
Armour
 a - a +0 robe
 f - a +0 ring mail
 r - a +2 helmet (worn)
 x - a scarf of harm
 G - +0 acid dragon scales
 N - a +0 cloak (worn)
 Q - a +2 robe of resistance (worn)
 R - a +0 pair of gloves (worn)
Magical Staves
 v - a staff of fire
 D - a staff of alchemy (weapon)
Jewellery
 j - a +4 ring of protection (left hand)
 s - a ring of resist corrosion
 z - a ring of wizardry (right hand)
 B - a ring of wizardry
 T - a ring of see invisible
 U - a ring of protection from fire
Talismans
 y - a serpent talisman
Wands
 g - a wand of light (9)
 A - a wand of polymorph (1)
 O - a wand of charming (12)
 P - a wand of flame (25)
Scrolls
 h - 3 scrolls of teleportation
 k - 2 scrolls of fear
 l - a scroll of brand weapon
 m - a scroll of fog
 p - 2 scrolls of immolation
 q - 2 scrolls of noise
 w - a scroll of butterflies {unknown}
 E - 2 scrolls of amnesia {unknown}
 J - a scroll of vulnerability {unknown}
 L - a scroll of enchant weapon {unknown}
Potions
 d - a potion of enlightenment {unknown}
 i - 2 potions of attraction {unknown}
 n - a potion of lignification {unknown}
 o - a potion of berserk rage {unknown}
 t - a potion of heal wounds {unknown}
 u - 2 potions of curing
 C - a potion of experience {unknown}
 F - 4 potions of mutation {unknown}
 H - a potion of resistance {unknown}
 I - a potion of degeneration {unknown}
 K - a potion of haste {unknown}
 S - a potion of cancellation {unknown}


   Skills:
 - Level 5.1 Fighting
 + Level 5.4 Staves
 - Level 1.7 Dodging
 - Level 2.6 Stealth
 - Level 7.5 Spellcasting
 - Level 2.0 Conjurations
 - Level 5.8 Fire Magic
 - Level 1.4 Air Magic
 - Level 9.5 Alchemy


You had 12 spell levels left.
You knew the following spells:

 Your Spells              Type           Power      Damage    Failure   Level
a - Sting                 Conj/Alch      100%       1d9       1%          1
b - Mephitic Cloud        Conj/Alch/Air  35%        N/A       1%          3
c - Olgreb's Toxic Radia  Alch           60%        N/A       1%          4
d - Sticky Flame          Fire/Alch      53%        2d9       1%          4

Your spell library contained the following spells:

 Spells                   Type           Power      Damage    Failure   Level
 Mercury Vapours          Alch/Air       84%        N/A       1%          2
 Anguish                  Hex/Necr       3%         N/A       34%         4
 Cause Fear               Hex            3%         N/A       34%         4
 Enfeeble                 Hex            3%         N/A       100%        7


Dungeon Overview and Level Annotations

Branches:
Dungeon (9/15)             Temple (0/1) D:6           Sewer (visited)
   Lair: D:8-11         Orc: D:9-12

Altars:
Gozag
Okawaru
Qazlal
Trog
Wu Jian
Xom
Yredelemnul
Zin

Shops:
D:7 *

Portals:
Abyss: D:3

Annotations:
D:3 2 transporters, Destinykillz's ghost, amateur HOFi


Innate Abilities, Weirdness & Mutations

You have razor-sharp teeth.
Your natural rate of healing is unusually fast.
When hurt, damage is shared between your health and your magic reserves.
Your bite disrupts and absorbs the magic of your enemies.
Potions cannot restore your health.


Message History

The two-headed ogre looks even sicker.
The two-headed ogre is engulfed in noxious fumes.
Casting: Mephitic Cloud (safe; 1% risk of failure)
Confirm with . or Enter, or press ? or * to list all spells.
Aiming: Sticky Flame (dangerous; 1% risk of failure)
Press: ? - help, Shift-Dir - straight line, f/p - two-headed ogre
Aim: a two-headed ogre, wielding a +0 giant spiked club and a +0 giant club (noxious fumes, lightly wounded, very poisoned)
You feel a surge of power!
The sticky flame hits the two-headed ogre!
The two-headed ogre is moderately wounded.
The two-headed ogre burns!
The two-headed ogre is engulfed in noxious fumes.
The two-headed ogre appears confused.
The two-headed ogre looks even sicker.
Your toxic aura wanes.
The two-headed ogre burns!
The two-headed ogre stops burning.
The two-headed ogre is engulfed in noxious fumes.
The two-headed ogre is engulfed in noxious fumes.
The two-headed ogre appears confused.
The two-headed ogre laughs at nothing.
The two-headed ogre is engulfed in noxious fumes.
The two-headed ogre appears confused.
The two-headed ogre is engulfed in noxious fumes.
The two-headed ogre appears confused.
You feel a surge of power!
The sting hits the two-headed ogre.
The two-headed ogre looks even sicker.
The two-headed ogre is severely wounded.
You hit the two-headed ogre.
The two-headed ogre is severely wounded.
The two-headed ogre is engulfed in noxious fumes.
The two-headed ogre hits you with a +0 giant spiked club!!
Ouch! That really hurt!
The two-headed ogre closely misses you.
You barely miss the two-headed ogre. You bite the two-headed ogre.
You drain its power.
You feel invigorated.
The two-headed ogre is almost dead.
The two-headed ogre hits you with a +0 giant spiked club!!
* * * LOW HITPOINT WARNING * * *
The two-headed ogre hits you with a +0 giant club!
You die...

.)..........#....#..#
............######..#
###.................#
#..########'####..
#..#...........# ###
####...........# ....
...........# .....
.........☼.#☼§....
##.#####..@O...... +.
#...#°..... #
#...#...... #..##
..... #..# .... ...#
.. +#... . +..


You could see a two-headed ogre (confused, very poisoned).

Vanquished Creatures
  Pikel (D:5)
  2 polar bears (D:8)
  A troll (D:9)
  A yak (D:8)
  An acid dragon (D:6)
  Menkaure (D:5)
  3 water moccasins
  2 orc warriors
  Duvessa (D:5)
  A sky beast (D:6)
  2 black bears
  2 ice beasts (D:8)
  3 ogres
  2 wolves (D:8)
  A centaur (D:7)
  4 lemures (D:5)
  A phantom (D:2)
  2 bullfrogs (D:6)
  Blork the orc (D:5)
  A necrophage (D:6)
  2 kobold brigands
  A water moccasin zombie (D:6)
  5 scorpions
  9 wights
  Dowan (D:5)
  A howler monkey (D:6)
  An electric eel (D:8)
  2 bombardier beetles
  3 bullfrog zombies (D:6)
  2 centaur zombies (D:6)
  6 hounds
  A human zombie (D:6)
  A jelly (D:6)
  5 orc priests
  8 orc wizards
  A sleepcap (D:6)
  2 iguanas (D:6)
  A centaur simulacrum (D:8)
  2 mummies (D:6)
  A howler monkey zombie (D:6)
  7 river rats (Sewer)
  11 adders
  A white imp (D:8)
  2 ribbon worms
  5 dart slugs
  22 orcs
  8 bats
  11 endoplasms
  4 giant cockroaches
  5 goblins
  6 hobgoblins
  24 kobolds
  6 quokkas
  10 ball pythons
  5 frilled lizards
  18 rats
233 creatures vanquished.

Notes
Turn   | Place    | Note
-------+----------+-------------------------------------------
     0 | D:1      | Monkooky the Vine Stalker Alchemist began the quest for the
                  | Orb.
     0 | D:1      | Reached XP level 1. HP: 9/9 MP: 4/4
   142 | D:1      | Reached XP level 2. HP: 13/13 MP: 0/6
   349 | D:1      | Reached skill level 1 in Staves
   567 | D:1      | Reached XP level 3. HP: 16/16 MP: 3/7
   571 | D:1      | Learned a level 3 spell: Mephitic Cloud
  1668 | D:2      | Reached XP level 4. HP: 21/21 MP: 4/8
  2266 | D:3      | Found a transporter.
  2495 | D:3      | Reached skill level 1 in Air Magic
  2751 | D:3      | Reached skill level 4 in Alchemy
  2751 | D:3      | Reached XP level 5. HP: 24/24 MP: 5/10
  2756 | D:3      | Learned a level 4 spell: Olgreb's Toxic Radiance
  2875 | D:3      | Noticed a small abomination
  2894 | D:3      | Found a shimmering altar of Xom.
  2944 | D:3      | Found a one-way gate to the infinite horrors of the Abyss.
  2944 | D:3      | Found a transporter.
  2944 | D:3      | Noticed Destinykillz's ghost (amateur HOFi)
  2950 | D:3      | Noticed a small abomination
  3096 | D:4      | Found a stormy altar of Qazlal.
  3173 | D:4      | Reached XP level 6. HP: 24/28 MP: 11/11
  3175 | D:4      | Reached skill level 5 in Alchemy
  3417 | D:4      | Reached skill level 6 in Alchemy
  3537 | D:4      | Reached XP level 7. HP: 25/32 MP: 2/12
  3710 | D:4      | Became a worshipper of Qazlal Stormbringer
  3748 | D:3      | Learned a level 4 spell: Sticky Flame
  3771 | D:5      | Entered Level 5 of the Dungeon
  3806 | D:4      | Found a bloodstained altar of Trog.
  4124 | D:5      | You fall into a shaft and drop 2 floors!
  4152 | D:7      | Found Zin's Purification Station.
  4152 | D:7      | Found a glowing silver altar of Zin.
  4282 | D:6      | Reached skill level 7 in Alchemy
  4359 | D:6      | Gained mutation: You have razor-sharp teeth. [Vine Stalker
                  | growth]
  4359 | D:6      | Reached XP level 8. HP: 34/36 MP: 13/15
  4443 | D:6      | Reached skill level 1 in Fire Magic
  4453 | D:6      | Found an iron altar of Okawaru.
  4453 | D:6      | Found an opulent altar of Gozag.
  4455 | D:6      | Found an ornate altar of the Wu Jian Council.
  4632 | D:6      | Reached skill level 5 in Spellcasting
  4819 | D:6      | Found a glowing drain.
  4824 | Sewer    | Entered a sewer
  5019 | Sewer    | Reached * piety under Qazlal
  5098 | Sewer    | Reached skill level 8 in Alchemy
  5515 | D:6      | Reached XP level 9. HP: 39/39 MP: 14/19
  5519 | D:6      | Found a basalt altar of Yredelemnul.
  5613 | D:6      | Found a staircase to the Ecumenical Temple.
  5812 | D:5      | Reached ** piety under Qazlal
  5860 | D:5      | Noticed Dowan
  5864 | D:5      | Noticed Duvessa
  5870 | D:5      | Killed Duvessa
  5872 | D:5      | Killed Dowan
  5919 | D:5      | Reached skill level 9 in Alchemy
  5965 | D:5      | Noticed Blork the orc
  5966 | D:5      | Noticed Pikel
  5969 | D:5      | Noticed Menkaure
  5972 | D:5      | Killed Blork the orc
  5972 | D:5      | Killed Pikel
  5973 | D:5      | Reached skill level 5 in Fire Magic
  5976 | D:5      | Killed Menkaure
  6075 | D:7      | Reached skill level 1 in Fighting
  6108 | D:7      | Reached XP level 10. HP: 46/46 MP: 12/22
  6735 | D:8      | Reached skill level 5 in Fighting
  6940 | D:8      | Reached *** piety under Qazlal
  6979 | D:9      | Reached skill level 5 in Staves
  7041 | D:9      | Noticed a two-headed ogre
  7053 | D:9      | Slain by a two-headed ogre

Illustrated notes

Levels and vault maps discovered:
D:1:      dpeg_arrival_connections, layout_rooms, minmay_misc_feat_iff,
          minmay_3d_cube
D:2:      layout_basic
D:3:      layout_rooms, nicolae_overflow_crystal_walls,
          gammafunk_ghost_abyssal_escape
D:4:      layout_basic, mainiacjoe_overflow_cross_hatched,
          mainiacjoe_overflow_paths, serial_glass, glass_columns_a,
          glass_columns_a
D:5:      layout_cave_pools, uniq_pikel, uniq_blork_the_orc, uniq_duvessa,
          uniq_menkaure
D:6:      layout_loops_corners, lemuel_mausoleum_altar_yredelemnul, minitemple,
          minmay_temple_entry_antechambers,
          mainiacjoe_sewer_entry_somewhere_in_here_2,
          gammafunk_ghost_nasty_kobolds
D:7:      minmay_flawed_box, layout_layer_cave, zin_purify
D:8:      nicolae_cairo_tiling_large_dashed, layout_cave_pools, serial_ice,
          serial_ice_d, serial_ice_j, serial_ice_b, serial_ice_f
D:9:      layout_irregular_city

Skill      XL: |  1  2  3  4  5  6  7  8  9 10 |
---------------+-------------------------------+-----
Staves         | 1 5 |  5.4
Air Magic      | 1 |  1.4
Conjurations   | 2 |  2.0
Alchemy        | 4 6 7 8 9 |  9.5
Spellcasting   | 4 6 7 |  7.5
Fire Magic     | 3 5 |  5.8
Fighting       | 2 5 |  5.1
Dodging        | |  1.7
Stealth        | |  2.6

Action                     |  1- 3 |  4- 6 |  7- 9 | 10-12 || total
---------------------------+-------+-------+-------+-------++-------
  Melee: Unarmed           |     2 |       |       |       ||     2
         Quarterstaff      |    26 |    15 |       |       ||    41
         Bite              |     2 |    12 |    61 |    26 ||   101
         Dagger            |       |    40 |    11 |       ||    51
         Punch             |       |     1 |     3 |     2 ||     6
         Staff             |       |       |   127 |    53 ||   180
   Cast: Sting             |    74 |    92 |    13 |     1 ||   180
         Olgreb's Toxic Ra |       |     2 |    18 |     7 ||    27
         Sticky Flame      |       |       |    21 |    22 ||    43
         Mephitic Cloud    |       |       |       |     1 ||     1
  Evoke: Wand              |       |       |       |     1 ||     1
    Use: Scroll            |       |     2 |     5 |     1 ||     8
         Potion            |       |     2 |       |       ||     2
 Armour: Robe              |    26 |    62 |    11 |    47 ||   146
         Acid dragon scale |       |       |   104 |     3 ||   107
  Dodge: Dodged            |    33 |    46 |   105 |    34 ||   218
  Block: Other             |       |       |     7 |     9 ||    16
